 Dungeon Crawl Stone Soup version 0.23-a0-619-g281719c (console) character file.

11 Duffy the Skirmisher (level 2, 0/28 HPs)
             Began as a Naga Fighter on Dec 22, 2018.
             Slain by an orc wizard
             ... wielding a +0 dagger
              (1 damage)
             ... on level 5 of the Dungeon.
             The game lasted 00:00:54 (895 turns).

Duffy the Skirmisher (Naga Fighter)                  Turns: 895, Time: 00:00:55

Health: 0/28       AC:  5    Str: 18    XL:     2   Next: 29%
Magic:  2/2        EV:  5    Int:  8    God:
Gold:   13         SH:  8    Dex: 10    Spells: 1/1 levels left

rFire    . . .     SeeInvis +   a - +0 war axe
rCold    . . .     Gourm    .   c - +0 shield
rNeg     . . .     Faith    .   b - +0 scale mail
rPois    +         Spirit   .   i - +0 helmet
rElec    .         Reflect  .   (no cloak)
rCorr    .         Harm     .   (no gloves)
MR       .....                  (no barding)
Stlth    ..........             (no amulet)
HPRegen  0.09/turn              (no ring)
MPRegen  0.08/turn              (no ring)

@: short of breath, very slow
A: large, see invisible, deformed body, poison resistance, slowness 2, slow
metabolism 1, spit poison 1, AC +0
a: Spit Poison


You were on level 5 of the Dungeon.
You were not hungry.

You visited 1 branch of the dungeon, and saw 5 of its levels.

You collected 13 gold pieces.

Inventory:

Hand Weapons
 a - a +0 war axe (weapon)
Armour
 b - a +0 scale mail (worn)
 c - a +0 shield (worn)
 i - a +0 helmet (worn)
Scrolls
 e - a scroll of immolation {unknown}
 g - a scroll of teleportation {unknown}
Potions
 d - a potion of might
 h - a potion of berserk rage {unknown}
Comestibles
 f - 2 rations


   Skills:
 - Level 3.0 Fighting
 + Level 2.4 Axes
 - Level 2.4 Armour
 + Level 2.7 Shields


You had one spell level left.
You didn't know any spells.
Your spell library was empty.

Dungeon Overview and Level Annotations

Branches:
Dungeon (5/15)
 Temple: D:4-7

Altars:

Annotations:
D:3 Terence


Innate Abilities, Weirdness & Mutations

You cannot wear boots.
Your serpentine skin is tough. (AC +0)
You have supernaturally acute eyesight. (SInv)
Armour fits poorly on your strangely shaped body.
Your system is resistant to poisons. (rPois)
You cover ground very slowly.
You have a slow metabolism.
You can spit poison.


Message History

Aim: an orc, wielding a +0 falchion and wearing a cursed +0 scale mail (lightly The splash of poison misses the orc wizard.
The splash of poison hits the orc.
The orc appears unharmed.
The orc is lightly wounded.
You feel slightly more hungry.
The orc wizard hits you but does no damage.
You hit the orc wizard.
The orc wizard is heavily wounded.
The orc wizard hits you but does no damage.
You block the orc wizard's attack.
Your shield prevents you from hitting the orc wizard.
The orc wizard is heavily wounded.
The orc wizard casts a spell at you. The puff of flame hits you!
You block the orc wizard's attack.
Your shield and scale mail prevent you from hitting the orc wizard.
The orc wizard is heavily wounded.
The orc wizard gestures at you while chanting.
The magic dart hits you!
The orc wizard hits you with a +0 dagger.
You die...

#. ##.# .#
.###.##..##.#
.......^....###
.o.............
#.oo.....#
#oo.# #o### #o#
#.###@###.#
#.........#
#####.##### #<#
#.# #.# #.# ..#
###


You could see an orc wizard and 5 orcs.

Vanquished Creatures
  An ooze (D:2)
  2 goblins (D:1)
  2 kobolds (D:1)
  A quokka (D:2)
  A rat (D:1)
7 creatures vanquished.

Notes
Turn   | Place    | Note
-------+----------+-------------------------------------------
     0 | D:1      | Duffy the Naga Fighter began the quest for the Orb.
     0 | D:1      | Reached XP level 1. HP: 21/21 MP: 1/1
   225 | D:2      | Reached XP level 2. HP: 17/28 MP: 2/2
   428 | D:3      | Noticed Terence
   610 | D:5      | Entered Level 5 of the Dungeon
   895 | D:5      | HP: 1/28 [orc wizard/magic dart (6)]
   895 | D:5      | Slain by an orc wizard

Vault maps used:
D:1:      psy_arrival_whirlpool
D:2:      nicolae_ashenzari_panopticon, chequers_temple_overflow_minitemple,
          lemuel_round_altar, first_ration
D:3:      minmay_cut_off, uniq_terence
D:4:      minmay_temple_entry_sparse_star, uniq_ijyb, uniq_sigmund
D:5:      nicolae_overflow_hidden_temple, okawaru_trees_1, uniq_edmund

Action                   || total
-------------------------++-------
Melee: War axe           ||    35
 Abil: Spit Poison       ||     3
Armor: Scale mail        ||    11
Dodge: Dodged            ||     9
Block: Shield            ||    22

Table legend:
 A = Non-vault XP
 B = Vault XP
 C = Vault XP percentage of total XP
 D = Non-vault monster count
 E = Vault monster count
 F = Vault count percentage of total count
                 A         B        C        D         E       F
            +---------+---------+-------+---------+---------+-------
      Total |      17 |       0 |   0.0 |       7 |       0 |   0.0
            +---------+---------+-------+---------+---------+-------
        D:1 |       8 |       0 |   0.0 |       5 |       0 |   0.0
        D:2 |       9 |       0 |   0.0 |       2 |       0 |   0.0
            +---------+---------+-------+---------+---------+-------
